 Dungeon Crawl Stone Soup version 0.20.1-1-g8b1a95d (webtiles) character file.

1110 VajrapaniSR the Grappler (level 8, 0/111 HPs)
             Began as a Troll Fighter on July 4, 2017.
             Slain by a centaur
             ... wielding a cursed -2 shortbow
              (5 damage)
             ... on level 5 of the Dungeon.
             The game lasted 00:07:05 (1030 turns).

VajrapaniSR the Grappler (Troll Fighter)            Turns: 1030, Time: 00:07:06

Health: 0/111      AC:  5    Str: 30    XL:     8   Next: 11%
Magic:  7/7        EV:  8    Int:  4    God:
Gold:   72         SH:  9    Dex: 11    Spells: 7/7 levels left

rFire    . . .     SeeInvis .     - Unarmed
rCold    . . .     Gourm    +   b - +0 shield
rNeg     . . .     Faith    .   a - +0 robe
rPois    .         Spirit   .   (helmet restricted)
rElec    .         Reflect  .   (no cloak)
rCorr    .         Harm     .   (gloves unavailable)
MR       .....                  (boots unavailable)
Stlth    ..........             (no amulet)
Regen    0.7/turn               (no ring)
MPRegen  0.1/turn               (no ring)

@: berserking, very quick
A: unfitting armour, claws 3, fast metabolism 3, gourmand, regeneration 1,
shaggy fur 1, tough skin 2
a: no special abilities


You were on level 5 of the Dungeon.
You were not hungry.

You visited 1 branch of the dungeon, and saw 7 of its levels.

You collected 72 gold pieces.

Inventory:

Armour
 a - a +0 robe (worn)
 b - a +0 shield (worn)
Scrolls
 c - a scroll of amnesia
 e - 5 scrolls of teleportation
 i - a scroll of identify
Potions
 g - a potion of curing {unknown}
 h - a potion of invisibility {unknown}
Comestibles
 d - 3 bread rations
 j - 2 chunks of flesh


   Skills:
 - Level 2.4 Fighting
 - Level 2.4 Dodging
 - Level 2.4 Shields
 + Level 9.8 Unarmed Combat


You had 7 spell levels left.
You didn't know any spells.

Dungeon Overview and Level Annotations

Branches:
Dungeon (7/15)
 Temple: D:4-7

Altars:
Dithmenos
Fedhas
Hepliaklqana
Okawaru


Innate Abilities, Weirdness & Mutations

You are too large for most types of armour.
You have claws for hands.
Your metabolism is lightning-fast.
You like to eat raw meat.
Your natural rate of healing is unusually fast.
You are covered in fur. (AC +1)
You have very tough skin. (AC +2)


Message History

Unknown command.
The centaur shoots an arrow.
The arrow hits you.
* * * LOW HITPOINT WARNING * * *
Things that are here:
an arrow; a giant club You take 4 damage, and have 11/74 hp.
Unknown command.
The centaur hits you with an enchanted shortbow.
* * * LOW HITPOINT WARNING * * *
You take 6 damage, and have 5/74 hp.
Unknown command.
You scratch the centaur.
The centaur hits you with an enchanted shortbow.
* * * LOW HITPOINT WARNING * * *
You take 2 damage, and have 3/74 hp.
It was a potion of berserk rage.
A red film seems to cover your vision as you go berserk!
You feel yourself moving faster!
You feel mighty!
The centaur hits you with an enchanted shortbow.
You die...

##..### ## ......... ###
####... .........
..###....# #........
......# #........
......############.......c
....#>.......(((@c........
.(#.#######.(.##..........
###... #....(...........
###.....................
####.................
#............#####
##..$.......##
##...##..$## ##########


You could see a centaur.

Vanquished Creatures
  The ghost of PhoenticPhoenix the Shooter, an amateur CeAM (D:3)
  A water moccasin (D:6)
  An ice beast (D:6)
  3 ogres
  2 centaurs (D:6)
  A bullfrog (D:6)
  A crimson imp (D:6)
  A quasit (D:6)
  A centaur skeleton (D:5)
  3 iguanas
  3 worker ants
  5 adders
  4 orcs (D:3)
  4 giant cockroaches
  3 goblins
  A hobgoblin (D:2)
  4 jackals (D:3)
  4 kobolds
  A ball python (D:4)
  A frilled lizard (D:2)
  A leopard gecko skeleton (D:5)
46 creatures vanquished.

Notes
Turn   | Place    | Note
-------+----------+-------------------------------------------
     0 | D:1      | VajrapaniSR the Troll Fighter began the quest for the Orb.
     0 | D:1      | Reached XP level 1. HP: 22/22 MP: 0/0
    56 | D:1      | Reached XP level 2. HP: 29/29 MP: 1/1
    97 | D:2      | Reached skill level 3 in Unarmed Combat
   239 | D:3      | Reached XP level 3. HP: 29/36 MP: 2/2
   244 | D:3      | Noticed PhoenticPhoenix's ghost (amateur CeAM)
   258 | D:3      | Killed PhoenticPhoenix's ghost
   258 | D:3      | Reached skill level 5 in Unarmed Combat
   258 | D:3      | Reached XP level 4. HP: 34/44 MP: 3/3
   258 | D:3      | Reached XP level 5. HP: 38/50 MP: 4/4
   322 | D:4      | Found a shadowy altar of Dithmenos.
   367 | D:4      | Found a hazy altar of Hepliaklqana.
   418 | D:4      | Reached skill level 6 in Unarmed Combat
   431 | D:4      | Found a blossoming altar of Fedhas.
   435 | D:4      | Noticed an ogre
   442 | D:4      | Killed an ogre
   442 | D:4      | Reached XP level 6. HP: 26/59 MP: 5/5
   491 | D:3      | Found an iron altar of Okawaru.
   517 | D:5      | Entered Level 5 of the Dungeon
   610 | D:6      | Noticed a water moccasin
   615 | D:6      | Reached skill level 7 in Unarmed Combat
   622 | D:6      | Killed a water moccasin
   688 | D:6      | Noticed an ice beast
   694 | D:6      | Killed an ice beast
   694 | D:6      | Reached XP level 7. HP: 66/66 MP: 6/6
   703 | D:6      | Reached skill level 8 in Unarmed Combat
   810 | D:6      | Reached skill level 9 in Unarmed Combat
   979 | D:6      | VajrapaniSR: ??temple
   979 | D:6      | beem: ecumenical temple[1/6]: Accessed from the main dungeon somewhere between levels 4 and 7. Is notable mainly for a complete lack of monster spawning as well as potentially containing an altar to almost every deity in the game.
  1017 | D:5      | Reached XP level 8. HP: 64/74 MP: 7/7
  1029 | D:5      | HP: 3/74 [centaur/enchanted shortbow (3)]
  1030 | D:5      | Slain by a centaur

Skill      XL: |  1  2  3  4  5  6  7 |
---------------+----------------------+-----
Unarmed Combat | 3 5 6 7 9 |  9.8
Fighting       | |  2.4
Dodging        | |  2.4
Shields        | |  2.4

Action                   |  1- 3 |  4- 6 |  7- 9 || total
-------------------------+-------+-------+-------++-------
Melee: Unarmed           |    62 |    49 |    48 ||   159
  Use: Potion            |     1 |       |     1 ||     2
       Scroll            |       |     3 |       ||     3
  Eat: Chunk             |     2 |     2 |     3 ||     7
Armor: Robe              |    21 |     9 |     9 ||    39
Dodge: Dodged            |    17 |    13 |    31 ||    61
Block: Shield            |    28 |    11 |    21 ||    60
